Map: Ephemeron LE

Players

HeroMarine

  • Race: Terran Terran
  • Spawn Location: 11:00

ShoWTimE - Winner!

  • Race: Protoss Protoss
  • Spawn Location: 5:00

Event: IEM Katowice 2020

VOD

Have the link to the VOD?

Description

Time

  • Played on: Feb. 24, 2020, 9:22 a.m.
  • Length: 19:59

All games in this series

Show
View Real Time Build Order
Export as new Build Order

HeroMarine Terran 

Build Orders: Reaper Expand 

Get SALT Encoding   

  12  0:00  SCV  
  13  0:12  SCV  
  14  0:17  Supply Depot  
  14  0:24  SCV  
  15  0:38  SCV  
  15  0:40  Barracks  
  16  0:43  Refinery  
  16  0:50  SCV  
  17  1:03  SCV  
  18  1:15  SCV  
  19  1:27  Orbital Command, Reaper  
  20  1:44  Command Center  
  20  1:50  Supply Depot  
  20  1:52  SCV  
  21  1:59  Marine  
  22  2:05  SCV  
  23  2:08  Factory  
  23  2:17  SCV  
  23  2:18  Refinery  
  23  2:21  Barracks Reactor  
  24  2:29  SCV  
  25  2:41  SCV  
  26  2:52  Starport  
  26  2:53  SCV  
  26  2:54  Hellion  
  26  2:56  Orbital Command  
  26  2:57  Marine x2  
  31  3:05  SCV  
  32  3:15  Marine x2  
  32  3:17  SCV  
  32  3:18  Widow Mine  
  37  3:24  SCV  
  38  3:29  SCV  
  38  3:32  Medivac  
  38  3:33  Marine x2  
  43  3:34  Supply Depot  
  43  3:36  SCV  
  43  3:40  Widow Mine  
  46  3:54  SCV  
  46  3:56  SCV  
  46  3:57  Marine x2  
  46  4:00  Supply Depot  
  49  4:06  SCV  
  49  4:07  Command Center  
  49  4:08  Starport Tech Lab  
  49  4:09  Factory Tech Lab  
  51  4:10  SCV  
  51  4:18  Marine x2  
  51  4:19  SCV  
  51  4:22  SCV  
  55  4:25  Barracks  
  55  4:27  Raven  
  55  4:28  Siege Tank  
  60  4:32  SCV  
  60  4:34  SCV  
  60  4:35  Supply Depot  
  62  4:46  Barracks, Engineering Bay  
  62  4:52  SCV x2  
  62  4:56  Marine x2  
  64  5:00  Refinery x2  
  64  5:01  Siege Tank  
  64  5:04  SCV x2  
  69  5:11  Terran Infantry Weapons Level 1  
  69  5:14  Marine  
  69  5:18  Marine  
  69  5:19  SCV x2  
  69  5:20  Orbital Command  
  73  5:22  Marine  
  73  5:28  Stimpack  
  74  5:31  SCV x2  
  74  5:32  Marine  
  74  5:34  Supply Depot  
  77  5:36  Marine  
  77  5:39  Starport Reactor  
  77  5:40  Factory Reactor  
  78  5:43  SCV x2  
  78  5:44  Marine  
  78  5:46  Barracks  
  78  5:47  Combat Shield  
  78  5:49  Barracks  
  81  5:50  Marine x2  
  81  5:51  Orbital Command  
  81  5:54  Marine  
  81  5:56  SCV x2  
  85  6:08  SCV x2  
  85  6:11  Marauder x2  
  91  6:13  Marine x2  
  93  6:24  Supply Depot  
  93  6:26  SCV x2, Widow Mine x2  
  93  6:27  Supply Depot  
  93  6:28  Medivac  
  93  6:29  SCV  
  100  6:33  Medivac  
  100  6:36  Marauder  
  100  6:38  SCV x2  
  100  6:39  Marine  
  101  6:41  Marine, SCV  
  96  6:48  Marauder  
  96  6:50  SCV x2  
  96  6:51  Widow Mine x2, Barracks Reactor, Barracks Tech Lab  
  96  6:53  SCV  
  102  6:57  Marauder  
  102  7:02  SCV x2  
  102  7:05  SCV  
  102  7:07  Medivac, Terran Infantry Armor Level 1  
  102  7:08  Medivac  
  109  7:09  Marauder  
  109  7:12  Supply Depot  
  109  7:13  Supply Depot  
  109  7:14  SCV  
  109  7:15  Marauder  
  114  7:17  Widow Mine  
  116  7:24  Concussive Shells, Marine  
  117  7:30  Refinery x2  
  117  7:31  Supply Depot x2  
  117  7:33  Marine, SCV x3, Armory  
  117  7:34  Marauder  
  122  7:40  Marauder x2  
  125  7:44  Marine  
  125  7:45  Marine x2, SCV x3  
  125  7:47  Widow Mine  
  133  7:53  Widow Mine  
  133  7:55  Marauder  
  133  7:56  Marine  
  133  7:58  SCV x3  
  140  8:01  Marine, Marauder, Engineering Bay  
  140  8:02  Marine x3  
  144  8:10  SCV x2  
  143  8:14  Marine  
  143  8:16  Marauder  
  143  8:19  Marauder  
  142  8:20  Marine x3  
  142  8:23  SCV x2, Marauder  
  138  8:28  Widow Mine  
  138  8:29  Widow Mine  
  138  8:32  Marine  
  144  8:38  Marine x3, Marauder  
  148  8:44  Terran Infantry Weapons Level 2  
  148  8:48  Medivac x2, Marauder x2  
  156  8:50  Marine, Missile Turret  
  157  8:57  Marine  
  157  9:03  Supply Depot  
  157  9:04  Supply Depot, Command Center  
  157  9:13  SCV x2  
  157  9:14  Marauder x3  
  165  9:17  Missile Turret x2  
  165  9:25  SCV  
  165  9:27  Marine  
  165  9:28  Marine  
  165  9:30  Marine  
  165  9:31  Marine  
  169  9:34  Barracks  
  169  9:35  Marine, Barracks, Marauder x2  
  169  9:37  Barracks  
  169  9:38  Viking  
  175  9:48  Marine x2  
  175  9:52  Terran Infantry Armor Level 2  
  175  9:53  Marauder  
  175  9:56  Marauder x2  
  175  9:57  Starport  
  175  9:59  Marine x2  
  179  10:04  Viking  
  179  10:05  Factory Reactor  
  179  10:18  SCV x3  
  179  10:19  Marine  
  179  10:20  Marine  
  189  10:25  Viking  
  188  10:29  SCV  
  188  10:30  SCV  
  188  10:34  Viking  
  162  10:47  Marauder  
  162  10:48  Marauder x2  
  165  10:50  Terran Ship Weapons Level 1, Ghost Academy  
  165  10:55  Barracks Reactor, Viking x3, Barracks Tech Lab  
  165  10:56  Marine x3  
  165  10:57  Marine x2  
  174  10:58  Barracks Tech Lab  
  174  10:59  Marine  
  177  11:08  Marine  
  177  11:09  SCV x3  
  181  11:17  Viking  
  183  11:23  SCV  
  183  11:24  SCV, Planetary Fortress  
  183  11:25  Viking x2  
  194  11:35  Missile Turret  
  194  11:37  Missile Turret x2  
  194  11:38  SCV  
  189  11:41  SCV x2  
  188  11:50  Missile Turret  
  188  11:51  SCV  
  188  11:53  SCV x2  
  190  11:57  Unknown x3  
  190  11:58  Unknown  
  190  12:07  Terran Infantry Weapons Level 3  
  194  12:12  Refinery x2  
  194  12:16  SCV x2  
  194  12:19  SCV  
  194  12:21  Terran Infantry Armor Level 3  
  196  12:27  SCV  
  193  12:31  Unknown x2  
  193  12:32  Unknown  
  193  12:35  Marauder x2  
  190  12:38  Marine  
  190  12:40  Marine, Marauder  
  175  12:44  Marine x2, Marauder  
  175  12:46  Marine x2, Marauder  
  143  12:56  Marine  
  143  12:57  Marauder x2  
  143  12:58  Marine, Medivac x4  
  135  13:05  Marauder  
  135  13:06  Marine x3  
  135  13:07  Marine, Marauder  
  141  13:18  Marauder  
  141  13:19  Enhanced Shockwaves  
  147  13:27  Marauder  
  147  13:28  Marine x3  
  147  13:29  Unknown  
  147  13:30  Marine x3, Marauder  
  153  13:39  Marauder  
  154  13:46  Unknown  
  154  13:47  Marauder  
  156  13:50  Marauder  
  156  13:53  Marauder  
  160  13:55  Marine  
  160  13:56  Marine x3  
  160  13:57  Unknown  
  160  13:59  Marine  
  165  14:08  Viking x4, Marauder  
  172  14:11  Marauder  
  172  14:14  Marauder  
  176  14:23  Command Center  
  176  14:26  Unknown  
  176  14:28  Marine x2  
  176  14:29  Marine, Marauder x2, Unknown  
  176  14:31  Marine  
  185  14:33  Marauder  
  185  14:35  Marine x2  
  185  14:36  Marauder  
  185  14:38  Medivac  
  192  14:45  Marine  
  192  14:46  Marine  
  192  14:51  Marauder x2  
  189  14:54  Unknown  
  189  14:55  Marauder  
  181  15:02  SCV x2  
  155  15:09  Marine x4  
  155  15:12  Marine x2, Marauder x2  
  166  15:16  Marine  
  164  15:21  Medivac x2  
  164  15:24  Medivac  
  164  15:27  Marine, Medivac  
  173  15:33  Marauder  
  173  15:34  Marauder x2  
  178  15:37  Unknown x2  
  181  15:44  Marine x2  
  181  15:49  Marine  
  184  15:51  Marine  
  184  15:55  Marauder x2  
  187  16:05  Marine  
  187  16:06  Marauder, Unknown  
  187  16:09  Planetary Fortress  
  187  16:10  Marine x2, Unknown  
  187  16:11  Marine, Marauder  
  188  16:13  SCV x2  
  188  16:16  SCV, Marauder x2  
  195  16:18  SCV  
  195  16:24  Unknown  
  195  16:25  SCV x2  
  191  16:34  Marauder  
  191  16:35  Marine, Marauder x2  
  191  16:39  Medivac x2  
  195  16:40  Marine, Marauder  
  178  16:53  Missile Turret  
  161  17:00  SCV  
  164  17:01  SCV  
  167  17:13  Unknown  
  169  17:18  Marine x2  
  169  17:20  Marine x2  
  173  17:27  Unknown x2  
  159  17:33  Marine x2, Marauder  
  159  17:34  Marine  
  159  17:36  Marine x2  
  159  17:37  Marine, Unknown  
  156  17:39  Marine x2  
  156  17:43  Unknown  
  161  17:54  Marauder  
  161  17:55  Viking  
  165  17:59  Unknown  
  165  18:01  Viking x2  
  165  18:04  Viking  
  166  18:09  Marauder  
  170  18:15  Unknown  
  170  18:20  Unknown  
  170  18:25  Viking  
  164  18:31  Viking x2  
  170  18:40  Unknown  
  170  18:42  Marine, Marauder  
  170  18:44  Marine x2, Marauder  
  169  18:49  Marauder  
  169  18:50  Marine  
  169  18:53  Marine  
  169  18:54  Marine  
  173  19:00  Marine, Marauder, Unknown  
  174  19:04  Marine  
  174  19:05  Marauder  
  174  19:07  Marine x2, Unknown  
  174  19:15  Marine x2  
  130  19:33  Marauder  
  130  19:35  Marine, Marauder  
  130  19:36  Marine  
  140  19:39  Marine  
  135  19:46  Unknown  
Show
View Real Time Build Order
Export as new Build Order

ShoWTimE Protoss - Winner!

Build Orders: 1 Gate Expand, Blink Stalkers 

Get SALT Encoding   

  12  0:00  Probe  
  13  0:12  Probe  
  14  0:17  Pylon  
  14  0:25  Probe (Chrono Boost)  
  15  0:37  Probe (Chrono Boost), Gateway  
  16  0:44  Probe (Chrono Boost)  
  16  0:45  Assimilator  
  17  0:51  Probe  
  18  1:03  Probe  
  19  1:15  Probe  
  20  1:21  Nexus  
  20  1:31  Cybernetics Core  
  20  1:35  Probe  
  21  1:42  Assimilator  
  22  1:47  Probe  
  22  1:50  Pylon  
  22  1:59  Probe  
  23  2:05  Adept (Chrono Boost)  
  23  2:08  Warp Gate  
  25  2:11  Probe  
  26  2:24  Probe (Chrono Boost)  
  26  2:26  Stalker (Chrono Boost)  
  29  2:32  Twilight Council  
  29  2:34  Probe (Chrono Boost)  
  31  2:41  Probe (Chrono Boost)  
  31  2:43  Probe (Chrono Boost)  
  32  2:48  Probe x2 (Chrono Boost)  
  34  2:52  Stalker  
  36  2:59  Probe  
  36  3:00  Probe  
  38  3:09  Blink (Chrono Boost)  
  38  3:11  Probe  
  38  3:12  Probe  
  40  3:23  Probe, Pylon  
  40  3:25  Probe, Robotics Facility  
  42  3:36  Probe  
  42  3:37  Probe  
  44  3:48  Probe  
  45  3:49  Probe  
  44  3:56  Nexus  
  44  3:58  Stalker  
  44  4:00  Probe  
  44  4:01  Probe  
  48  4:05  Pylon  
  48  4:10  Gateway  
  48  4:12  Probe  
  48  4:13  Observer (Chrono Boost)  
  48  4:14  Probe  
  48  4:15  Gateway  
  51  4:23  Assimilator, Stalker  
  53  4:24  Probe  
  53  4:27  Forge  
  53  4:29  Observer (Chrono Boost)  
  53  4:30  Probe  
  56  4:36  Pylon  
  56  4:37  Probe  
  57  4:44  Pylon  
  57  4:46  Stalker  
  57  4:49  Probe, Observer  
  61  4:58  Protoss Ground Armor Level 1 (Chrono Boost)  
  61  5:01  Charge (Chrono Boost)  
  61  5:02  Probe  
  61  5:05  Probe  
  63  5:13  Gateway x2  
  63  5:18  Stalker  
  63  5:19  Gateway x2  
  63  5:20  Observer  
  65  5:24  Gateway  
  65  5:25  Probe x3 (Chrono Boost)  
  68  5:31  Pylon  
  68  5:32  Sentry  
  70  5:37  Probe (Chrono Boost)  
  73  5:43  Probe x2 (Chrono Boost)  
  73  5:45  Probe (Chrono Boost), Stalker  
  73  5:46  Immortal (Chrono Boost), Stalker  
  73  5:49  Probe (Chrono Boost)  
  83  5:53  Pylon  
  83  5:57  Zealot  
  85  5:58  Shield Battery  
  85  6:05  Probe  
  85  6:09  Zealot x4  
  88  6:13  Probe x2  
  88  6:17  Probe  
  91  6:20  Warp Prism  
  91  6:25  Probe x2, Assimilator  
  95  6:29  Probe  
  90  6:33  Zealot x3  
  90  6:37  Probe x2  
  88  6:41  Probe  
  88  6:43  Stalker x2  
  89  6:49  Probe x2  
  89  6:52  Protoss Ground Armor Level 2 (Chrono Boost)  
  89  6:53  Probe  
  83  6:56  Sentry, Zealot  
  83  6:57  Zealot x2  
  86  7:03  Probe x2  
  86  7:05  Probe  
  86  7:08  Assimilator  
  89  7:13  Assimilator  
  89  7:22  Zealot x7  
  97  7:23  Observer  
  97  7:24  Sentry  
  101  7:30  Photon Cannon  
  101  7:31  Immortal (Chrono Boost)  
  105  7:43  Pylon  
  105  7:50  Robotics Bay  
  105  7:52  Zealot x2  
  105  7:55  Pylon  
  105  7:58  Pylon  
  109  8:00  Probe  
  109  8:01  Probe  
  109  8:03  Zealot x3  
  116  8:10  Probe  
  116  8:12  Robotics Facility  
  117  8:14  Zealot x3  
  117  8:15  Zealot  
  117  8:19  Stalker  
  115  8:32  Probe  
  112  8:36  Observer  
  112  8:40  Colossus (Chrono Boost)  
  112  8:41  Extended Thermal Lance (Chrono Boost)  
  118  8:43  Sentry  
  120  8:49  Nexus  
  120  8:50  Forge  
  120  8:51  Pylon  
  120  8:55  Pylon  
  120  8:57  Protoss Ground Weapons Level 1 (Chrono Boost)  
  120  9:01  Stalker x4  
  128  9:02  Pylon  
  134  9:11  Colossus (Chrono Boost)  
  134  9:13  Probe x3  
  137  9:19  Pylon  
  135  9:24  Protoss Ground Armor Level 3 (Chrono Boost)  
  135  9:28  Colossus (Chrono Boost)  
  141  9:35  Zealot x3  
  141  9:36  Zealot  
  149  9:39  Dark Shrine  
  149  9:40  Probe  
  149  9:41  Probe  
  149  9:44  Probe  
  139  9:47  Disruptor  
  139  9:48  Zealot  
  139  9:52  Probe  
  142  9:53  Probe  
  142  9:57  Zealot  
  148  10:04  Zealot x2  
  151  10:11  Sentry, Zealot  
  153  10:23  Pylon  
  153  10:28  Zealot x6  
  152  10:40  Disruptor (Chrono Boost)  
  152  10:42  Probe, Disruptor (Chrono Boost)  
  142  10:50  Stalker x4  
  142  10:53  Dark Templar  
  142  10:55  Dark Templar  
  152  11:07  Nexus  
  151  11:11  Pylon  
  151  11:13  Disruptor  
  151  11:16  Disruptor  
  157  11:28  Pylon  
  157  11:32  Protoss Ground Weapons Level 2 (Chrono Boost)  
  157  11:36  Dark Templar  
  157  11:37  Zealot x4  
  165  11:41  Probe x3  
  168  11:50  Dark Templar  
  171  11:56  Probe  
  171  11:57  Probe x2  
  171  11:58  Disruptor (Chrono Boost)  
  171  11:59  Disruptor (Chrono Boost)  
  177  12:12  Probe x2  
  177  12:14  Probe  
  177  12:15  Photon Cannon  
  178  12:17  Photon Cannon  
  176  12:23  Stalker x2  
  177  12:37  Zealot x3  
  177  12:38  Zealot x2  
  175  12:46  Zealot x3  
  135  13:03  Probe  
  135  13:04  Probe  
  137  13:06  Warp Prism (Chrono Boost)  
  137  13:07  Protoss Shields Level 1 (Chrono Boost)  
  137  13:10  Gravitic Drive (Chrono Boost), Nexus  
  137  13:12  Pylon  
  139  13:18  Pylon, Sentry  
  139  13:19  Sentry x2, Zealot x4  
  153  13:21  Zealot  
  153  13:26  Disruptor  
  154  13:53  Zealot x8  
  161  14:01  Colossus (Chrono Boost)  
  161  14:17  Zealot x3  
  161  14:19  Dark Templar x2  
  161  14:23  Protoss Ground Weapons Level 3 (Chrono Boost)  
  171  14:26  Zealot x3  
  173  14:44  Zealot x2  
  173  14:45  Dark Templar  
  172  14:51  Dark Templar x2  
  162  14:55  Stalker x3  
  156  15:09  Stalker x2  
  156  15:18  Probe  
  155  15:24  Stalker x6  
  167  15:33  Nexus  
  167  15:36  Pylon  
  161  15:45  Templar Archives  
  161  15:50  Pylon  
  161  15:51  Dark Templar  
  161  15:52  Dark Templar, Zealot x4  
  161  15:53  Zealot x2  
  164  16:17  Probe x2, Robotics Facility  
  166  16:18  Stalker x4  
  166  16:19  Robotics Bay  
  166  16:23  Zealot x2  
  168  16:26  Zealot  
  168  16:34  Zealot  
  156  16:50  Zealot x2  
  156  16:51  Zealot x5  
  156  16:53  Protoss Shields Level 2 (Chrono Boost)  
  160  16:55  Probe x2  
  162  17:07  Colossus x2 (Chrono Boost)  
  162  17:13  High Templar x2  
  162  17:14  High Templar  
  162  17:15  High Templar  
  182  17:18  Archon x2  
  182  17:20  Dark Templar  
  182  17:21  Archon  
  180  17:29  Zealot x3  
  178  17:48  Dark Templar x3  
  178  17:49  Zealot x2  
  183  17:53  Zealot x2  
  183  17:56  Nexus  
  183  17:57  Archon  
  183  17:58  Pylon  
  178  18:06  Zealot  
  180  18:17  Pylon  
  178  18:28  Zealot x6  
  178  18:29  Stalker x2  
  194  18:36  Colossus, Psionic Storm  
  194  18:49  Probe x5, Assimilator  
  194  18:53  Assimilator  
  199  19:01  Probe  
  200  19:14  Pylon  
  183  19:17  Photon Cannon  
  183  19:19  Photon Cannon  
  183  19:22  Disruptor  
  169  19:27  Dark Templar  
  169  19:28  Dark Templar, Zealot x6  
  187  19:39  Shield Battery  
  160  19:56  Zealot x6  

Tags
 
Add a new tag
Caveats
  • Supply blocks, unpowered buildings, or Contaminate may cause inaccurate times.
  • Supply counts are checked every 10 seconds.